 Dungeon Crawl Stone Soup version 0.24.0-125-gc4c63601f3 (webtiles) character file.

Game seed: 9771638006149605214, levelgen mode: deterministic

45 Peloso the Skirmisher (level 3, 0/33 HPs)
             Began as a Minotaur Fighter on Mar 21, 2020.
             Splashed by a jelly's acid (3 damage)
             ... on level 2 of the Dungeon.
             The game lasted 00:02:37 (1148 turns).

Peloso the Skirmisher (Minotaur Fighter)            Turns: 1148, Time: 00:02:38

Health: 0/33       AC:  1    Str: 20    XL:     3   Next: 42%
Magic:  11/11      EV:  5    Int:  5    God:
Gold:   150        SH:  9    Dex: 10    Spells: 2/2 levels left

rFire    . . .     SeeInvis .   a - +0 long sword
rCold    . . .     Gourm    .   c - +0 shield
rNeg     . . .     Faith    .   m - +0 chain mail
rPois    .         Spirit   .   (helmet restricted)
rElec    .         Reflect  .   g - scarf {repulsion}
rCorr    .         Harm     .   (no gloves)
MR       .....                  (no boots)
Stlth    ..........             l - amulet of the acrobat
HPRegen  0.11/turn              k - ring of magical power
MPRegen  0.12/turn              (no ring)

@: corroded, repel missiles
A: retaliatory headbutt, horns 2
a: no special abilities


You were on level 2 of the Dungeon.
You were hungry.

You visited 1 branch of the dungeon, and saw 2 of its levels.

You collected 150 gold pieces.

Inventory:

Hand Weapons
 a - a +0 long sword (weapon)
Armour
 b - a +0 scale mail
 c - a +0 shield (worn)
 g - a scarf of repulsion (worn)
 m - a +0 chain mail (worn)
Jewellery
 k - a ring of magical power (left hand)
 l - an amulet of the acrobat (around neck)
 o - an uncursed amulet of rage {unknown}
Scrolls
 e - 4 scrolls of identify {unknown}
 h - 2 scrolls of teleportation {unknown}
 i - a scroll of magic mapping {unknown}
 n - a scroll of enchant armour {unknown}
Potions
 d - a potion of might
 j - a potion of curing {unknown}
Comestibles
 f - 5 rations


   Skills:
 + Level 4.2 Fighting
 + Level 2.8 Long Blades
 + Level 4.1 Armour
 + Level 1.2 Dodging
 + Level 3.9 Shields


You had 2 spell levels left.
You didn't know any spells.
Your spell library was empty.

Dungeon Overview and Level Annotations

Branches:
Dungeon (2/15)

Altars:


Innate Abilities, Weirdness & Mutations

You reflexively headbutt those who attack you in melee.
You have a pair of horns on your head.


Message History

Found 19 arrows.
There is a large open door here.
You hit the jelly. The acid corrodes you!
Your hands burn!
You headbutt the jelly.
The jelly is moderately wounded.
The jelly hits you but does no damage. x2
You hit the jelly.
Your hands burn!
The jelly is moderately wounded.
An adder comes into view.
The jelly hits you but does no damage.
You slash the jelly! The acid corrodes you!
Your hands burn!
The jelly is severely wounded.
The jelly hits you.
You are splashed with acid!
You hit the jelly but do no damage.
Your hands burn!
The jelly is severely wounded.
The jelly barely misses you. The jelly hits you.
You are splashed with acid!
* * * LOW HITPOINT WARNING * * *
The adder bites you but does no damage.
You hit the jelly but do no damage.
Your hands burn!
You die...

##...... #.......
############.......
#..................
#.##########.......
#.#....... #.....##
#.#..(.. #......#
#.#..# #.......
#.@S.# #....#.#
#.'J.# #....#.#
###..# #....#.#
...[ #..###.. .....
##...#.. ######
###.#.# #.... ###..
###


You could see a jelly and an adder.

Vanquished Creatures
  2 leopard geckos (D:1)
  5 giant cockroaches
  5 goblins
  4 hobgoblins
  4 jackals (D:2)
  6 kobolds
  A quokka (D:2)
  4 bats
  4 frilled lizards
  3 rats
38 creatures vanquished.

Notes
Turn   | Place    | Note
-------+----------+-------------------------------------------
     0 | D:1      | Peloso the Minotaur Fighter began the quest for the Orb.
     0 | D:1      | Reached XP level 1. HP: 19/19 MP: 0/0
   134 | D:1      | Reached XP level 2. HP: 20/27 MP: 1/1
   740 | D:2      | Reached XP level 3. HP: 32/33 MP: 2/2
   757 | D:2      | Reached skill level 1 in Dodging
  1148 | D:2      | Splashed by a jelly's acid

Levels and vault maps discovered:
D:1:      lemuel_arrival_muddy, layout_rooms, roderic_lattice_a, minmay_3d_cube
D:2:      layout_rooms, kennysheep_generic_room_6

Skill      XL: |  1  2  3 |
---------------+----------+-----
Fighting       | 4 |  4.2
Armour         | 4 |  4.1
Dodging        | 1 |  1.2
Long Blades    | |  2.8
Shields        | |  3.9

Action                   || total
-------------------------++-------
Melee: Long sword        ||    94
       Headbutt          ||    11
Armor: Scale mail        ||    39
       Chain mail        ||    12
Dodge: Dodged            ||    44
       Deflected         ||     1
Block: Shield            ||    66
       Rpst.: Long sword ||    10
